 Dungeon Crawl Stone Soup version 0.26.0-16-gc1dbca0489 (webtiles) character file.

Game seed: 5017907164582817645

126 kaeus the Insei (level 5, -2/34 HPs)
             Began as an Octopode Transmuter on Jan 19, 2021.
             Slain by an orc warrior
             ... wielding a +0 flail
              (11 damage)
             ... on level 3 of the Dungeon.
             The game lasted 00:07:09 (3494 turns).

kaeus the Insei (Octopode Transmuter)               Turns: 3494, Time: 00:07:09

Health: -2/34      AC:  1    Str:  9    XL:     5   Next: 9%
Magic:  7/9        EV: 14    Int: 17    God:
Gold:   154        SH:  0    Dex: 12    Spells: 8/9 levels left

rFire    . . .     SeeInvis .     - Unarmed
rCold    . . .     Faith    .   (no shield)
rNeg     . . .     Spirit   .   (helmet currently unavailable)
rPois    .         Reflect  .   (no amulet)
rElec    .         Harm     .   (no ring)
rCorr    .         Rampage  .   (no ring)
Will     .....                  (no ring)
Stlth    ++........             (no ring)
HPRegen  0.11/turn              (no ring)
MPRegen  0.11/turn              (no ring)
                                (no ring)
                                (no ring)

@: appendages, very slightly contaminated
A: almost no armour, stealthy swim, amphibious, 8 rings, constrict 8, tentacle
spike 3, camouflage 1, gelatinous body 1
a: End Transformation


You were on level 3 of the Dungeon.
One of your tentacles had a temporary spike.
You visited 1 branch of the dungeon, and saw 3 of its levels.

You collected 154 gold pieces.

Inventory:

Hand Weapons
 d - a +1 antimagic short sword
Scrolls
 a - a scroll of identify {unknown}
 c - 2 scrolls of teleportation {unknown}
 f - a scroll of enchant weapon {unknown}
 i - a scroll of remove curse {unknown}
 k - a scroll of blinking {unknown}
 l - a scroll of fear {unknown}
Potions
 b - a potion of mutation {unknown}
 e - 2 potions of degeneration {unknown}
 g - a potion of brilliance {unknown}
 h - 2 potions of curing
 j - 2 potions of attraction {unknown}


   Skills:
 + Level 2.1 Fighting
 + Level 2.8 Dodging
 + Level 3.6 Unarmed Combat
 + Level 2.7 Spellcasting
 + Level 2.8 Transmutations


You had 8 spell levels left.
You knew the following spells:

 Your Spells              Type           Power        Failure   Level
a - Beastly Appendage     Tmut           24%          5%          1

Your spell library contained the following spells:

 Spells                   Type           Power        Failure   Level
 Wereblood                Tmut           12%          9%          2
 Spider Form              Tmut/Pois      3%           30%         3
 Ice Form                 Ice/Tmut       7%           69%         4
 Blade Hands              Tmut           6%           83%         5


Dungeon Overview and Level Annotations

Branches:
Dungeon (3/15)

Altars:
Sif Muna
Zin


Innate Abilities, Weirdness & Mutations

You cannot wear most types of armour.
You are very stealthy in the water. (Stealth+)
You are amphibious.
You can wear up to eight rings at the same time.
You can use your tentacles to constrict eight enemies at once.
Your skin changes colour to match your surroundings (Stealth+).
Your rubbery body absorbs attacks. (AC +1, EV +1)
One of your tentacles bears a large vicious spike.


Message History

You tentacle-slap the orc warrior but do no damage.
You pierce the orc warrior, but do no damage.
You constrict the orc warrior, but do no damage.
The orc warrior closely misses you.
A quokka comes into view.
The orc priest looks satisfied for a moment.
You tentacle-slap the orc warrior but do no damage.
You constrict the orc warrior.
The orc warrior hits you with a +0 flail!
* * * LOW HITPOINT WARNING * * *
You tentacle-slap the orc warrior but do no damage.
Your tentacle spike misses the orc warrior.
You squeeze the orc warrior.
The orc warrior is lightly wounded.
You constrict the orc warrior, but do no damage.
You tentacle-slap the orc warrior but do no damage.
The orc warrior is lightly wounded.
You constrict the orc warrior, but do no damage.
The orc warrior hits you with a +0 flail!
You die...

## [# .# .# .# .#
###########.# ##
#.........#.#
#.###.#.#.#o#
#.#.#.#.#
##.#####.#.###r#
.........#..@oo#
##########.#######
##.####...#.#
##<).#...#.#.#
#......#†#.#.#
.......#.###.#
#......#.....#
.......#######
###.##.#


You could see an orc warrior, an orc priest and a quokka.

Vanquished Creatures
  An orc priest (D:3)
  3 adders
  An ooze (D:1)
  2 worms
  2 dart slugs (D:1)
  A leopard gecko (D:1)
  3 orcs (D:3)
  A ball python (D:2)
  4 bats
  3 giant cockroaches (D:1)
  2 goblins
  11 hobgoblins
  3 jackals (D:1)
  4 frilled lizards
  6 kobolds
  5 rats
52 creatures vanquished.

Notes
Turn   | Place    | Note
-------+----------+-------------------------------------------
     0 | D:1      | kaeus the Octopode Transmuter began the quest for the Orb.
     0 | D:1      | Reached XP level 1. HP: 13/13 MP: 3/3
   219 | D:1      | Reached XP level 2. HP: 18/18 MP: 3/5
   574 | D:1      | Reached XP level 3. HP: 13/23 MP: 4/6
  1807 | D:2      | You fall into a shaft and drop 1 floor!
  1818 | D:3      | Reached XP level 4. HP: 15/29 MP: 7/7
  1822 | D:3      | Found a glowing silver altar of Zin.
  2937 | D:2      | Found a shimmering blue altar of Sif Muna.
  3199 | D:3      | Reached XP level 5. HP: 9/34 MP: 6/9
  3481 | D:3      | Noticed an orc warrior
  3494 | D:3      | Slain by an orc warrior

Illustrated notes

Levels and vault maps discovered:
D:1:      dpeg_arrival_round_a, layout_basic, roderic_lattice_a,
          chequers_serial_rivers_large_a, minmay_pentomino_s2
D:2:      layout_basic, led_sif_pool, minmay_crystal_water
D:3:      mumra_celtic_spiral_tile, layout_loops_cross,
          gammafunk_temple_overflow_forgotten, trog_butcher_becter

Skill      XL: |  1  2  3  4 |
---------------+-------------+-----
Fighting       | 2 |  2.1
Dodging        | |  2.8
Unarmed Combat | |  3.6
Spellcasting   | |  2.7
Transmutations | |  2.8

Action                   |  1- 3 |  4- 6 || total
-------------------------+-------+-------++-------
Melee: Unarmed           |    80 |    52 ||   132
       Constrict         |    21 |    13 ||    34
       Kick              |    10 |     4 ||    14
       Tentacles         |    10 |     8 ||    18
       Punch             |     1 |       ||     1
       Short sword       |     7 |       ||     7
 Cast: Beastly Appendage |    10 |     2 ||    12
  Use: Potion            |       |     1 ||     1
 Stab: Sleeping          |     5 |     1 ||     6
Armor: Skin              |     5 |     4 ||     9
Dodge: Dodged            |    53 |    28 ||    81
